Map: Vigía EE

Players

Johnny - Winner!

  • Race: Zerg Zerg
  • League: Platinum
  • Spawn Location: 6:00

IntotheSky - Winner!

  • Race: Protoss Protoss
  • Spawn Location: 5:00

Arjun - Winner!

  • Race: Protoss Protoss
  • Spawn Location: 5:00

MrFercho

  • Race: Zerg Zerg
  • League: Silver
  • Spawn Location: 12:00

tigro

  • Race: Terran Terran
  • League: Bronze
  • Spawn Location: 9:00

TATORREA

  • Race: Protoss Protoss
  • League: Gold
  • Spawn Location: 9:00

VOD

Have the link to the VOD?

Description

Time

  • Played on: July 3, 2020, 9:10 p.m.
  • Length: 9:38
Show
View Real Time Build Order
Export as new Build Order

Johnny Zerg - Winner!

Build Orders: Pool First 

Get SALT Encoding   

  12  0:03  Drone  
  13  0:13  Overlord  
  13  0:19  Drone  
  14  0:31  Drone x2  
  16  0:47  Spawning Pool  
  16  0:49  Extractor, Drone  
  15  0:54  Drone  
  18  1:08  Hatchery  
  18  1:09  Drone  
  18  1:14  Extractor  
  17  1:25  Spawning Pool  
  16  1:32  Drone  
  16  1:33  Drone x2  
  19  1:45  Drone  
  20  1:57  Drone  
  21  2:05  Overlord  
  21  2:19  Queen x2  
  25  2:30  Zergling x6  
  28  2:42  Drone  
  28  2:43  Drone x2  
  31  3:00  Overlord  
  31  3:05  Queen, Drone x3  
  36  3:23  Evolution Chamber  
  36  3:25  Drone x4  
  36  3:26  Roach Warren  
  35  3:35  Drone x2  
  35  3:40  Drone  
  35  3:41  Extractor, Drone x2  
  39  3:48  Lair, Queen  
  39  3:55  Drone x2  
  42  3:56  Drone  
  42  3:58  Zerg Missile Weapons Level 1  
  44  4:02  Overlord  
  44  4:15  Overlord x3  
  44  4:17  Overlord  
  44  4:40  Roach  
  44  4:41  Roach  
  44  4:45  Glial Reconstitution  
  48  4:46  Roach  
  48  4:48  Roach  
  52  4:56  Queen  
  54  5:00  Spore Crawler  
  54  5:01  Spore Crawler  
  54  5:06  Roach x2  
  56  5:09  Roach  
  56  5:12  Roach  
  56  5:14  Hatchery  
  59  5:16  Roach  
  59  5:18  Roach  
  65  5:21  Roach  
  65  5:25  Spore Crawler  
  64  5:36  Overlord  
  64  5:41  Spore Crawler  
  63  5:45  Roach x4  
  63  5:47  Roach  
  73  5:51  Roach  
  73  5:55  Zerg Missile Weapons Level 2  
  75  5:57  Roach  
  75  5:58  Roach  
  75  6:01  Drone  
  80  6:24  Roach x2  
  80  6:25  Roach x2  
  88  6:29  Roach x2  
  92  6:35  Overlord  
  92  6:53  Roach  
  94  6:54  Overlord x2  
  94  7:02  Roach  
  94  7:03  Roach  
  88  7:25  Roach  
  88  7:26  Roach x3  
  92  7:32  Roach x2  
  96  7:41  Extractor, Hydralisk Den  
  96  7:42  Drone  
  95  7:49  Roach  
  89  7:57  Roach  
  89  7:58  Roach  
  93  8:04  Roach x2  
  97  8:10  Roach x4  
  105  8:14  Roach x2  
  105  8:15  Roach  
  111  8:21  Roach x2  
  111  8:25  Roach  
  109  8:27  Roach  
  109  8:32  Roach  
  113  8:39  Overlord x4  
  113  8:54  Overlord x3  
  113  8:55  Overlord  
  113  9:05  Roach x2  
  115  9:11  Roach  
  113  9:17  Roach  
  113  9:18  Roach  
Show
View Real Time Build Order
Export as new Build Order

IntotheSky Protoss - Winner!

Build Orders:  

Get SALT Encoding   

  12  0:02  Probe  
  13  0:14  Probe  
  13  0:16  Pylon  
  14  0:22  Probe  
  15  0:37  Gateway  
  15  0:44  Assimilator, Probe  
  16  0:56  Probe  
  17  1:00  Pylon  
  17  1:09  Probe  
  18  1:19  Gateway, Zealot  
  20  1:26  Probe  
  21  1:38  Probe  
  22  1:42  Zealot  
  22  1:46  Cybernetics Core  
  24  2:01  Pylon  
  24  2:06  Zealot  
  26  2:12  Assimilator  
  26  2:15  Warp Gate  
  26  2:16  Probe  
  27  2:28  Probe  
  28  2:33  Zealot  
  28  2:34  Zealot  
  32  2:55  Shield Battery  
  32  3:04  Forge  
  32  3:05  Pylon  
  32  3:07  Zealot x2  
  36  3:29  Nexus  
  36  3:37  Protoss Shields Level 1  
  36  3:44  Twilight Council  
  36  4:04  Photon Cannon  
  36  4:21  Sentry  
  38  4:25  Sentry, Photon Cannon  
  40  4:35  Probe  
  40  4:38  Assimilator  
  41  4:42  Pylon  
  41  4:46  Stalker  
  41  4:48  Stalker  
  46  5:00  Probe  
  46  5:02  Stargate  
  46  5:03  Probe  
  47  5:12  Probe  
  48  5:15  Charge  
  48  5:16  Probe  
  49  5:24  Probe  
  49  5:28  Probe  
  51  5:33  Zealot  
  53  5:36  Probe  
  53  5:39  Stalker  
  53  5:40  Probe  
  57  5:45  Protoss Ground Weapons Level 1  
  57  5:48  Probe  
  58  5:52  Probe  
  59  6:00  Probe  
  60  6:12  Probe  
  60  6:14  Protoss Air Weapons Level 1  
  60  6:15  Assimilator  
  61  6:18  Photon Cannon  
  61  6:23  Void Ray  
  65  6:26  Photon Cannon  
  65  6:34  Pylon  
  65  6:58  Probe  
  66  7:01  Probe  
  66  7:07  Nexus  
  67  7:10  Pylon, Probe  
  67  7:13  Probe  
  69  7:17  Void Ray  
  69  7:22  Probe  
  74  7:28  Stargate  
  70  7:32  Pylon  
  70  7:34  Pylon, Probe  
  65  8:18  Void Ray x2  
  73  8:22  Stalker, Fleet Beacon  
  73  8:23  Stalker  
  77  8:43  Probe  
  78  8:51  Probe  
  78  8:55  Probe  
  80  8:57  Zealot x2  
  80  8:58  Photon Cannon  
  82  9:07  Probe  
  91  9:30  Assimilator  
  91  9:31  Assimilator  
  91  9:34  Zealot x2  
Show
View Real Time Build Order
Export as new Build Order

Arjun Protoss - Winner!

Build Orders: Blink Stalkers 

Get SALT Encoding   

  1  0:00  Probe  
  13  0:14  Probe  
  13  0:15  Pylon  
  14  0:34  Forge  
  14  0:36  Probe  
  15  0:53  Gateway  
  15  1:02  Pylon  
  15  1:03  Probe  
  16  1:17  Probe  
  17  1:39  Probe  
  18  1:51  Probe, Zealot  
  21  1:55  Assimilator  
  21  1:57  Cybernetics Core  
  21  2:02  Assimilator  
  21  2:03  Probe  
  22  2:15  Probe  
  22  2:27  Probe  
  23  2:55  Twilight Council  
  23  2:58  Gateway  
  23  3:03  Pylon  
  23  3:04  Gateway  
  23  3:21  Probe  
  23  3:23  Nexus  
  23  3:25  Pylon  
  24  3:33  Probe  
  25  3:34  Stalker  
  25  3:37  Warp Gate  
  27  3:44  Blink  
  27  3:46  Probe  
  28  3:52  Shield Battery  
  28  4:01  Shield Battery  
  28  4:15  Probe  
  29  4:23  Assimilator  
  29  4:26  Stalker x2  
  29  4:30  Probe  
  34  4:36  Probe  
  35  4:42  Probe  
  36  4:46  Robotics Facility  
  36  4:53  Pylon  
  36  5:03  Pylon  
  36  5:11  Shield Battery  
  36  5:14  Pylon, Probe x2  
  38  5:25  Stalker  
  38  5:26  Probe x2  
  42  5:38  Photon Cannon  
  42  5:40  Probe  
  43  5:45  Observer  
  44  5:57  Stalker  
  44  6:02  Stalker  
  48  6:06  Observer  
  48  6:07  Stalker  
  51  6:27  Immortal  
  51  6:31  Stalker x2  
  51  6:32  Stalker  
  61  6:38  Charge  
  61  6:46  Protoss Ground Weapons Level 1  
  61  6:52  Gateway  
  61  6:54  Gateway  
  61  6:58  Probe x2  
  63  7:03  Assimilator  
  63  7:10  Probe  
  63  7:11  Probe  
  65  7:16  Stargate  
  65  7:23  Probe x2  
  67  7:35  Probe x2  
  69  7:42  Stalker  
  69  7:43  Stalker x2  
  75  8:15  Stalker  
  77  8:21  Pylon  
  77  8:22  Pylon  
  77  8:24  Pylon  
  77  8:26  Pylon  
  77  8:39  Immortal  
  78  9:29  Stalker x5  
Show
View Real Time Build Order
Export as new Build Order

MrFercho Zerg 

Build Orders: Hatch First 

Get SALT Encoding   

  12  0:01  Drone  
  13  0:17  Overlord  
  13  0:24  Drone  
  14  0:37  Drone x2  
  16  1:06  Hatchery  
  15  1:12  Spawning Pool  
  14  1:23  Drone x3  
  17  1:37  Overlord  
  17  1:50  Drone  
  18  1:59  Zergling x2  
  19  2:02  Queen  
  21  2:08  Extractor  
  20  2:19  Drone  
  20  2:20  Drone x2  
  23  2:34  Queen  
  23  2:35  Drone x2  
  27  2:38  Drone  
  27  2:39  Drone  
  29  3:02  Drone  
  29  3:03  Drone  
  31  3:08  Drone x2  
  33  3:13  Queen  
  33  3:15  Lair  
  33  3:16  Drone  
  36  3:40  Overlord x2  
  36  3:41  Overlord  
  36  3:54  Hatchery  
  36  3:55  Zergling x2  
  36  3:58  Zergling x2  
  36  3:59  Zergling x10  
  42  4:16  Extractor  
  41  4:17  Drone x4  
  41  4:18  Extractor  
  45  4:24  Drone x4  
  45  4:28  Drone  
  49  4:35  Drone  
  50  4:46  Drone x2  
  50  4:50  Drone  
  53  4:56  Metabolic Boost  
  53  5:00  Drone  
  53  5:01  Extractor, Drone x2  
  55  5:07  Drone  
  55  5:08  Evolution Chamber, Drone x2  
  57  5:25  Drone x3  
  57  5:26  Drone, Spire  
  60  5:28  Drone  
  60  5:29  Drone x3  
  64  6:05  Zerg Melee Weapons Level 1  
  64  6:06  Extractor, Hatchery  
  64  6:09  Drone x2  
  64  6:10  Extractor, Hydralisk Den  
  62  6:14  Drone x4  
  66  6:37  Spore Crawler  
  65  6:41  Muscular Augments  
  65  6:44  Zerg Flyer Weapons Level 1  
  65  6:48  Mutalisk, Infestation Pit  
  65  6:51  Overlord x5  
  65  6:52  Overlord x2  
  66  7:24  Mutalisk x6  
  78  7:43  Mutalisk x2  
  74  7:52  Grooved Spines  
  74  7:57  Drone  
  73  7:58  Zergling x2  
  73  7:59  Zergling x8  
  78  8:08  Hydralisk x2  
  70  8:23  Hydralisk x6  
  76  8:37  Mutalisk x3  
  82  8:42  Hydralisk x3  
  86  8:48  Hydralisk  
  86  8:49  Hydralisk x5  
  86  8:53  Zergling x12  
  98  8:58  Zergling x2  
  98  8:59  Zergling x2  
  98  9:01  Zergling x4  
  102  9:13  Hydralisk x4  
  102  9:14  Hydralisk x3  
  104  9:17  Zergling x16  
Show
View Real Time Build Order
Export as new Build Order

tigro Terran 

Build Orders:  

Get SALT Encoding   

  12  0:03  SCV  
  13  0:15  SCV  
  14  0:25  Supply Depot  
  14  0:27  SCV  
  15  0:46  SCV  
  16  0:51  Barracks  
  16  0:58  SCV  
  16  1:00  Refinery  
  17  1:10  SCV  
  18  1:22  SCV  
  19  1:34  Supply Depot  
  19  1:35  SCV  
  19  1:38  Refinery  
  19  1:39  Marine  
  22  1:47  SCV  
  22  1:53  Barracks  
  22  1:57  Marine  
  23  2:05  SCV  
  24  2:15  Marine  
  25  2:24  SCV  
  26  2:31  Engineering Bay  
  26  2:33  Marine  
  26  2:36  Orbital Command  
  27  2:44  Barracks Reactor  
  27  2:50  Marine  
  28  2:54  Factory  
  28  3:10  Barracks Tech Lab  
  28  3:31  Command Center  
  28  3:32  Marine  
  28  3:33  Marine x2  
  31  3:40  Combat Shield  
  31  3:50  Marine, Terran Infantry Weapons Level 1  
  31  3:51  Marine x2  
  34  3:57  Factory Tech Lab  
  34  4:08  Marine x3  
  34  4:09  Starport  
  37  4:43  Siege Tank  
  40  4:50  SCV, Refinery  
  41  5:02  SCV  
  41  5:07  Supply Depot  
  42  5:13  Medivac  
  44  5:15  SCV  
  44  5:18  Stimpack  
  45  5:27  SCV  
  46  5:30  Supply Depot  
  46  5:39  SCV  
  47  5:44  Terran Infantry Armor Level 1  
  47  5:49  Starport Tech Lab  
  47  5:55  Starport  
  47  5:57  SCV  
  48  5:58  Refinery  
  48  6:09  SCV  
  49  6:21  SCV  
  49  6:22  Armory  
  50  6:33  SCV  
  51  6:41  Starport Tech Lab  
  51  6:45  SCV  
  52  6:56  Marine x3  
  52  6:59  Missile Turret  
  55  7:11  Fusion Core  
  55  7:14  Marine x3  
  58  7:19  Missile Turret  
  44  7:31  Marine  
  44  7:32  Marine x2  
  47  7:38  Hi-Sec Auto Tracking  
  47  7:39  Missile Turret  
  47  7:49  Marine x3  
  42  8:05  Medivac x2  
  46  8:07  Marine x3  
  46  8:19  Siege Tank  
  49  8:25  Marine x3  
  61  8:43  Marine x3  
  51  8:51  Siege Tank  
  49  9:00  Marine  
  49  9:01  Marine x2  
Show
View Real Time Build Order
Export as new Build Order

TATORREA Protoss 

Build Orders: Double Forge 

Get SALT Encoding   

  12  0:01  Probe  
  13  0:14  Probe  
  14  0:24  Pylon  
  14  0:26  Probe  
  15  0:42  Probe  
  16  0:45  Gateway  
  16  0:58  Probe  
  17  1:20  Probe  
  18  1:29  Probe  
  19  1:32  Assimilator  
  19  1:37  Probe  
  19  1:38  Zealot  
  21  1:45  Probe  
  23  2:09  Pylon  
  23  2:12  Pylon  
  23  2:27  Probe  
  24  2:40  Probe  
  25  2:52  Probe  
  25  2:54  Assimilator  
  25  2:57  Cybernetics Core  
  26  3:04  Probe  
  27  3:09  Nexus  
  27  3:11  Pylon  
  27  3:12  Pylon  
  27  3:16  Probe  
  27  3:18  Gateway  
  28  3:28  Probe  
  28  3:33  Warp Gate  
  29  3:35  Stalker  
  29  3:40  Probe  
  32  3:52  Probe  
  33  3:56  Robotics Facility  
  33  3:59  Forge  
  33  4:00  Forge, Probe  
  33  4:08  Probe  
  35  4:21  Probe  
  35  4:23  Probe  
  37  4:26  Stalker x2  
  41  4:32  Protoss Ground Weapons Level 1  
  41  4:44  Probe  
  41  4:45  Probe  
  43  4:47  Immortal  
  47  4:56  Probe  
  47  4:57  Probe  
  47  4:59  Assimilator  
  49  5:03  Assimilator, Protoss Shields Level 1  
  49  5:08  Probe  
  49  5:09  Probe  
  51  5:21  Probe x2  
  53  5:33  Probe x2  
  55  5:35  Nexus  
  55  5:39  Pylon  
  55  5:41  Pylon  
  55  5:45  Probe x2  
  57  5:50  Observer  
  58  6:01  Probe x2  
  58  6:03  Forge  
  60  6:05  Twilight Council  
  60  6:08  Stalker x2  
  64  6:13  Probe x2  
  64  6:16  Protoss Ground Armor Level 1  
  66  6:22  Gateway  
  66  6:24  Gateway  
  66  6:25  Probe  
  66  6:26  Probe  
  66  6:32  Immortal  
  68  6:34  Blink  
  72  6:48  Probe x3  
  74  6:56  Stalker x2  
  64  7:09  Probe x2  
  64  7:10  Probe  
  67  7:19  Stalker x2  
  67  7:20  Stalker  
  67  7:21  Probe x2  
  67  7:22  Probe  
  68  7:32  Stalker  
  66  7:38  Probe x3  
  69  7:45  Stalker x2  
  69  7:46  Stalker  
  42  8:07  Stalker  
  42  8:08  Probe x2  
  26  8:14  Stalker x3  
  32  8:20  Probe  
Tags
 
Add a new tag
Caveats
  • Supply blocks, unpowered buildings, or Contaminate may cause inaccurate times.
  • Supply counts are checked every 10 seconds.